 Dungeon Crawl Stone Soup version 0.24.0-1-gfbc8707122 (webtiles) character file.

Game seed: 11729292707076658751, levelgen mode: deterministic

691 Lanoc the Chucker (level 7, -2/67 HPs)
             Began as a Troll Hunter on Oct 25, 2019.
             Was a Believer of Okawaru.
             Slain by Sigmund
             ... wielding a +1 scythe of flaming
              (3 damage)
             ... on level 5 of the Dungeon.
             The game lasted 00:08:28 (2747 turns).

Lanoc the Chucker (Troll Hunter)                    Turns: 2747, Time: 00:08:28

Health: -2/67      AC:  6    Str: 26    XL:     7   Next: 36%
Magic:  7/7        EV: 11    Int:  9    God:    Okawaru [**....]
Gold:   109        SH:  0    Dex: 16    Spells: 6/6 levels left

rFire    . . .     SeeInvis .   (no weapon)
rCold    + . .     Gourm    +   (no shield)
rNeg     . . .     Faith    .   b - +0 robe
rPois    .         Spirit   .   (helmet restricted)
rElec    .         Reflect  .   (no cloak)
rCorr    .         Harm     .   (gloves unavailable)
MR       .....                  (boots unavailable)
Stlth    ++........             x - amulet of rage
HPRegen  0.61/turn              u - +2 ring of dexterity
MPRegen  0.10/turn              v - ring of protection from cold

@: mighty, lethally poisoned (-2 -> -4)
A: large, unfitting armour, claws 3, agile 1, clever 1, fast metabolism 3,
gourmand, regeneration 1, shaggy fur 1, tough skin 3
a: Heroism, Renounce Religion, Evoke Berserk Rage


You were on level 5 of the Dungeon.
You worshipped Okawaru.
Okawaru was pleased with you.
You were full.

You visited 2 branches of the dungeon, and saw 6 of its levels.

You collected 179 gold pieces.
You spent 70 gold pieces at shops.

Inventory:

Hand Weapons
 n - a +2 mace of protection
 q - a +2 flail of holy wrath
Missiles
 a - 94 stones (quivered)
 d - 2 throwing nets
Armour
 b - a +0 robe (worn)
Jewellery
 u - a +2 ring of dexterity (left claw)
 v - a ring of protection from cold (right claw)
 x - an amulet of rage (around neck)
Scrolls
 e - a scroll of amnesia {unknown}
 h - 2 scrolls of fear {unknown}
 j - 2 scrolls of identify
 k - 2 scrolls of immolation {unknown}
 l - 2 scrolls of enchant armour {unknown}
 m - 2 scrolls of blinking {unknown}
 o - 6 scrolls of remove curse {unknown}
 t - 3 scrolls of noise {unknown}
 y - 2 scrolls of teleportation {unknown}
Potions
 g - a potion of mutation
 i - a potion of curing
 r - a potion of resistance
 w - a potion of berserk rage {unknown}
 z - a potion of brilliance
Comestibles
 f - 15 rations


   Skills:
 + Level 3.1 Fighting
 * Level 5.7 Throwing
 + Level 2.5 Armour
 + Level 3.1 Dodging
 - Level 0.3 Stealth
 + Level 2.1 Invocations


You had 6 spell levels left.
You didn't know any spells.
Your spell library contained the following spells:

 Spells                   Type           Power        Failure   Level  Hunger
 Corona                   Hex            #......      38%         1    ##.....
 Magic Dart               Conj           #...         38%         1    ##.....
 Blink                    Tloc           N/A          52%         2    ###....
 Call Imp                 Summ           #.......     52%         2    ###....
 Ensorcelled Hibernation  Hex/Ice        #.....       52%         2    ###....
 Slow                     Hex            #.......     52%         2    ###....
 Confuse                  Hex            #.......     77%         3    ####...
 Conjure Flame            Conj/Fire      #.......     77%         3    ####...
 Dazzling Spray           Conj/Hex       #.....       77%         3    ####...
 Mephitic Cloud           Conj/Pois/Air  #.......     77%         3    ####...
 Tukima's Dance           Hex            #.......     77%         3    ####...


Dungeon Overview and Level Annotations

Branches:
Dungeon (5/15)             Temple (1/1) D:4

Altars:
Dithmenos
Fedhas
Okawaru
Yredelemnul

Shops:
D:4 %[   D:5 *

Annotations:
D:5 Sigmund


Innate Abilities, Weirdness & Mutations

You are too large for most types of armour.
You have claws for hands.
Your metabolism is lightning-fast.
You like to eat raw meat.
Your natural rate of healing is unusually fast.
You are covered in fur. (AC +1)
You have extremely tough skin. (AC +3)
You are agile. (Dex +2)
Your mind is acute. (Int +2)


Message History

You miss the water moccasin.
The water moccasin is severely wounded.
The water moccasin bites you. x2
* * * LOW HITPOINT WARNING * * *
You are more poisoned.
The water moccasin poisons you!
You barely miss the water moccasin.
The water moccasin is severely wounded.
You feel sick. Something hits you!
* * * LOW HITPOINT WARNING * * *
Something burns you.
* * * LOW HITPOINT WARNING * * *
The water moccasin bites you but does no damage.
As you read the scroll labeled CUSIDE LOOCIXOTOS, it crumbles to dust.
It is a scroll of identify.
z - a potion of brilliance You feel sick.
The water moccasin bites you.
* * * LOW HITPOINT WARNING * * *
Something hits you.
You die...

#...###......... ##
...# #.......#.. #.
...###.......... ##.
..##.......... #(.
##.........).#. #..
#............#.
#.{####[#####....#..
##S#.............#.<
#..@.##.........()..
##..######†##.......
##.# #.....##..# ###
#....##..##
####....## ##...#
#...# ##..# ####


You could see a water moccasin.

Vanquished Creatures
  A centaur (D:5)
  A scorpion (D:5)
  A centaur skeleton (D:4)
  A centaur zombie (D:5)
  An orc priest (D:4)
  2 jellies (D:5)
  2 orc wizards (D:4)
  4 worker ants
  A hound zombie (D:5)
  6 gnolls
  6 adders
  A shadow imp (D:5)
  2 oozes
  2 adder zombies
  An adder skeleton (D:5)
  6 worms
  5 dart slugs
  2 leopard geckos
  12 orcs
  A ball python (D:5)
  5 bats
  A bat zombie (D:2)
  6 giant cockroaches
  3 goblins
  2 hobgoblins
  4 jackals (D:1)
  4 kobolds
  4 frilled lizards
  11 rats
98 creatures vanquished.

Notes
Turn   | Place    | Note
-------+----------+-------------------------------------------
     0 | D:1      | Lanoc the Troll Hunter began the quest for the Orb.
     0 | D:1      | Reached XP level 1. HP: 19/19 MP: 0/0
    40 | D:1      | Reached XP level 2. HP: 28/28 MP: 1/1
   137 | D:1      | Reached skill level 4 in Throwing
   193 | D:1      | Reached XP level 3. HP: 23/35 MP: 2/2
   393 | D:2      | Reached skill level 1 in Armour
   507 | D:2      | Reached XP level 4. HP: 42/42 MP: 3/3
   822 | D:3      | Found a basalt altar of Yredelemnul.
   888 | D:3      | Found an iron altar of Okawaru.
   904 | D:3      | Became a worshipper of Warmaster Okawaru
  1355 | D:4      | Reached XP level 5. HP: 40/50 MP: 4/4
  1363 | D:4      | Found Takhlimu's Armour Shoppe.
  1402 | D:4      | Found a shadowy altar of Dithmenos.
  1582 | D:4      | Found a staircase to the Ecumenical Temple.
  1590 | D:4      | Reached * piety under Okawaru
  1590 | D:4      | Reached skill level 5 in Throwing
  1590 | D:4      | Reached skill level 1 in Invocations
  1590 | D:4      | Reached XP level 6. HP: 56/59 MP: 5/5
  1611 | Temple   | Entered the Ecumenical Temple
  1687 | D:4      | Found Douhaw's Food Emporium.
  1989 | D:4      | Found a blossoming altar of Fedhas.
  2021 | D:5      | Entered Level 5 of the Dungeon
  2139 | D:5      | Reached XP level 7. HP: 7/67 MP: 7/7
  2367 | D:5      | Reached ** piety under Okawaru
  2644 | D:5      | Found Waontex's General Store.
  2652 | D:5      | Bought a potion of heal wounds for 70 gold pieces
  2725 | D:5      | Noticed Sigmund
  2736 | D:5      | Gained mutation: You are agile. (Dex +2) [potion of
                  | mutation]
  2736 | D:5      | Gained mutation: Your mind is acute. (Int +2) [potion of
                  | mutation]
  2747 | D:5      | HP: 1/67 [water moccasin (3)]
  2747 | D:5      | Slain by Sigmund

Levels and vault maps discovered:
D:1:      shiori_arrival_maze, layout_basic, serial_bayou_pond_b,
          minmay_pentomino_u2
D:2:      kennysheep_six_static_rooms, layout_loops_corners, serial_undead,
          serial_undead_e, serial_undead_c, serial_undead_f, serial_undead_c,
          guppyfry_early_lair_pool
D:3:      layout_rooms, yredelemnul_altar_generic, first_ration,
          okawaru_gym_becter
D:4:      layout_basic, kennysheep_mini_moat, minmay_temple_entry_water_ring,
          serial_shops, shop_statue, shop, grunt_dithmenos_smoke
D:5:      layout_cave_pools, serial_shops,
          nicolae_shop_competitors_out_of_business, uniq_sigmund
Temple:   nicolae_temple_figure_eight

Skill      XL: |  1  2  3  4  5  6  7 |
---------------+----------------------+-----
Throwing       | 4 5 |  5.7
Fighting       | 2 3 |  3.1
Dodging        | 2 3 |  3.1
Armour         | 1 2 |  2.5
Invocations    | 1 2 |  2.1
Stealth        | |  0.3

Action                   |  1- 3 |  4- 6 |  7- 9 || total
-------------------------+-------+-------+-------++-------
Melee: Short sword       |   123 |       |       ||   123
       Unarmed           |    32 |   213 |    64 ||   309
Throw: Stone             |     3 |    11 |       ||    14
       Large rock        |       |       |    10 ||    10
  Use: Potion            |       |     1 |     6 ||     7
       Scroll            |       |       |     1 ||     1
 Stab: Sleeping          |     1 |     1 |     1 ||     3
  Eat: Chunk             |    10 |    15 |     4 ||    29
Armor: Robe              |    55 |    57 |    31 ||   143
Dodge: Dodged            |    86 |   121 |    61 ||   268
